 Dungeon Crawl Stone Soup version 0.25-a0-10-g2fe12d4386 (webtiles) character file.

Game seed: 5638359949753321231, levelgen mode: deterministic

6435 Flugkiller the Gouger (level 10, -6/75 HPs)
             Began as a Felid Chaos Knight on Oct 14, 2019.
             Was a Plaything of Xom.
             Mangled by a chaos spawn (15 damage)
             ... summoned by Xom
             ... on level 3 of the Lair of Beasts.
             The game lasted 00:42:32 (18161 turns).

Flugkiller the Gouger (Felid Chaos Knight)         Turns: 18161, Time: 00:42:33

Health: -6/75      AC: 25    Str:  8    XL:     10   Next: 67%
Magic:  15/15      EV:  4    Int: 14    God:    Xom [..*...]
Gold:   785        SH:  0    Dex: 17    Spells: 11/15 levels left
                                        Lives:  0   Deaths: 3

rFire    . . .     SeeInvis +     - Unarmed
rCold    . . .     Gourm    .   (shield unavailable)
rNeg     + + +     Faith    .   (armour unavailable)
rPois    +         Spirit   .   (helmet unavailable)
rElec    .         Reflect  .   (cloak unavailable)
rCorr    .         Harm     .   (gloves unavailable)
MR       +....     NoTele   +   (boots unavailable)
Stlth    ++++......             (no amulet)
HPRegen  0.22/turn              g - ring of stealth
MPRegen  0.14/turn              f - ring of stealth

@: tree-form, hasted and slowed, drained
A: very small, no armour, no weapons or thrown items, stealth, rugged brown
scales 1, see invisible, carnivore, clumsy 1, slow metabolism 1
a: Renounce Religion


You were on level 3 of the Lair of Beasts.
You worshipped Xom.
You were a toy of Xom.
You were full.
You were a tree.
You visited 3 branches of the dungeon, and saw 12 of its levels.
You visited the Abyss 1 time.
You also visited: Sewer and Ossuary.

You collected 785 gold pieces.

Inventory:

Missiles
 E - 2 throwing nets
Jewellery
 f - a ring of stealth (right branch)
   (You found it on level 5 of the Dungeon)
 g - a ring of stealth (left branch)
   (You found it on level 2 of the Dungeon)
 o - an uncursed ring of ice
   (You took it off a hobgoblin on level 3 of the Dungeon)
Wands
 l - a wand of disintegration (11)
   (You found it on level 7 of the Dungeon)
 u - a wand of polymorph (7)
   (You found it on level 7 of the Dungeon)
 C - a wand of scattershot (4)
   (You found it on level 2 of the Lair of Beasts)
 D - a wand of paralysis (9)
   (You took it off an orc on level 8 of the Dungeon)
 F - a wand of flame (12)
   (You found it on level 2 of the Lair of Beasts)
Scrolls
 b - a scroll of amnesia {unknown}
 k - a scroll of blinking
 m - a scroll of silence {unknown}
 n - 10 scrolls of remove curse
 p - 2 scrolls of fog
 s - 3 scrolls of magic mapping
 w - 4 scrolls of immolation
Potions
 d - 9 potions of lignification
 e - 2 potions of haste
 h - 3 potions of magic
 i - 2 potions of ambrosia
 j - 4 potions of curing
 r - 4 potions of resistance
 t - a potion of brilliance {unknown}
 x - 2 potions of flight
 z - a potion of agility
 A - 2 potions of might
 B - 3 potions of berserk rage
Miscellaneous
 q - a phial of floods (inert)
   (You found it on level 2 of the Lair of Beasts)
Comestibles
 a - 19 rations


   Skills:
 + Level 8.4(7.3) Fighting
 - Level 11.0(9.8) Dodging
 - Level 2.0(1.1) Stealth
 + Level 12.7(11.4) Unarmed Combat
 - Level 3.0(2.0) Spellcasting
 + Level 9.2(8.0) Hexes
 - Level 5.1(4.1) Evocations


You had 11 spell levels left.
You knew the following spells:

 Your Spells              Type           Power        Failure   Level  Hunger
a - Confusing Touch       Hex            ###...       1%          1    ##.....
b - Confuse               Hex            ###.....     2%          3    ####...

Your spell library contained the following spells:

 Spells                   Type           Power        Failure   Level  Hunger
 Slow                     Hex            ###.....     1%          2    ###....
 Summon Guardian Golem    Hex/Summ       ##......     14%         3    ####...
 Animate Skeleton         Necr           N/A          24%         1    ##.....
 Apportation              Tloc           #.....       24%         1    ##.....
 Magic Dart               Conj           #...         24%         1    ##.....
 Pain                     Necr           #...         24%         1    ##.....
 Summon Small Mammal      Summ           #...         24%         1    ##.....
 Blink                    Tloc           N/A          34%         2    ###....
 Call Imp                 Summ           #.......     34%         2    ###....
 Call Canine Familiar     Summ           #.......     56%         3    ####...
 Conjure Flame            Conj/Fire      #.......     56%         3    ####...
 Gell's Gravitas          Tloc           #.........   56%         3    ####...
 Mephitic Cloud           Conj/Pois/Air  #.......     56%         3    ####...
 Regeneration             Chrm/Necr      #.........   56%         3    ####...
 Vampiric Draining        Necr           #.........   56%         3    ####...
 Metabolic Englaciation   Hex/Ice        ##........   77%         5    ######.
 Yara's Violent Unravell  Hex/Tmut       ##........   77%         5    ######.
 Animate Dead             Necr           N/A          93%         4    #####..
 Petrify                  Tmut/Erth      #.......     93%         4    #####..
 Summon Ice Beast         Ice/Summ       #.......     93%         4    #####..
 Summon Lightning Spire   Summ/Air       #.......     93%         4    #####..


Dungeon Overview and Level Annotations

Branches:
Dungeon (8/15)             Temple (1/1) D:4            Lair (3/6) D:8
  Swamp (0/4) Lair:2        Sewer (visited)         Ossuary (visited)
  Snake: Lair:2-4    Spider: Lair:2-4

Altars:
Sif Muna
Trog
Xom
The Shining One

Shops:
D:6 [

Annotations:
D:2 exclusion: adder


Innate Abilities, Weirdness & Mutations

You cannot wear armour.
You are incapable of wielding weapons or throwing items.
Your paws allow you to move quietly. (Stealth)
((You have sharp claws.))
((You have razor-sharp teeth.))
You have supernaturally acute eyesight. (SInv)
You are carnivorous and can eat meat at any time.
((You cover ground quickly.))
((You are covered in thick fur. (AC +2)))
You have a slow metabolism.
((Your sharp claws are effective at attacking unaware monsters.))
((You have a pair of small horns on your head.))
((You are partially covered in large bone plates. (SH +4)))
(You are partially covered in rugged brown scales. (AC +1, +3% HP))
You are clumsy. (Dex -2)
((Your flesh is heat resistant. (rF+)))


Message History

[Y]es or [N]o only, please.
Really quaff the potion of lignification? [Y]es or [N]o only, please.
Really quaff the potion of lignification? [Y]es or [N]o only, please.
Really quaff the potion of lignification? [Y]es or [N]o only, please.
Really quaff the potion of lignification?
You turn into a tree.
Your roots penetrate the ground.
You feel yourself speed up.
Being near the torpor snail leaves you feeling lethargic.
Unknown command.
Unknown command.
You feel yourself speed up.
You feel yourself speed up.
The dream sheep bleats!
The shadow imp seems less confused.
The dream sheep bites you but does no damage.
Being near the torpor snail leaves you feeling lethargic.
Unknown command.
Okay, then.
Unknown command.
You barely miss the dream sheep.
You feel yourself speed up.
The chaos spawn hits you but does no damage.
The dream sheep bites you but does no damage.
The quasit gives a chilling moan.
You pummel the dream sheep!! Your punch misses the dream sheep.
The dream sheep is almost dead.
The dream sheep bites you but does no damage.
The chaos spawn hits you but does no damage.
You pummel the dream sheep!!
You kill the dream sheep!
Being near the torpor snail leaves you feeling lethargic.
The dream sheep bites you but does no damage.
Unknown command.
You closely miss the dream sheep. You punch the dream sheep.
The dream sheep is lightly wounded.
You feel yourself speed up.
The chaos spawn hits you but does no damage.
The dream sheep shake their wool and sparkle.
You feel drowsy...
You fall asleep.
The dream sheep bites you but does no damage. x2
Being near the torpor snail leaves you feeling lethargic.
The shadow imp shouts, "Get thee gone, thou worthless shard-borne clam!"
The chaos spawn hits you!!
You wake up.
* * * LOW HITPOINT WARNING * * *
The chaos spawn freezes you!
You die...
Xom howls with laughter!

........##Y......................
.................................
................#####.#P##.......
......Y.........# #######......
#....r###.......## #.........
##...## #........## #.........
#.....###......5.. ##.........
#...##Y.#......YY# #..........
#.............Yw♣# ##........#
#.............34## ##......###
...............5.## ##.......#
#.#.##.#..........####........##
..#.##..#...#....#.##...<......#
............#....5.P#.........#.#
..........#.......3##..........#.
#.#..F...w....#..5..#............
#.#.....##..#...#..####.......##.


You could see a soul eater, a torpor snail, a chaos spawn, 3 dream sheep, an
iron imp and a quasit.

Vanquished Creatures
  Harold (D:8)
  A hydra (Lair:1)
  2 unseen horrors (Abyss:2)
  Pikel (D:7)
  A black mamba (Lair:2)
  6 spiny frogs
  2 rime drakes
  A hellwing (Abyss:2)
  A polar bear (Lair:2)
  5 blink frogs
  A raiju (Abyss:2)
  3 hippogriffs
  A dream sheep (Lair:3)
  A frost giant simulacrum (Abyss:2)
  A ynoxinul (Abyss:2)
  A yak (Lair:3)
  2 hungry ghosts (D:8)
  A neqoxec (Abyss:2)
  Duvessa (D:7)
  3 water moccasins
  7 porcupines
  3 sky beasts
  5 orc warriors
  An ice beast (D:6)
  3 black bears
  A phantom (D:6)
  An eye of draining (D:6)
  A necrophage (D:6)
  2 ogres (D:8)
  3 centaurs
  5 crocodiles
  6 bullfrogs
  A water moccasin skeleton (D:3)
  Dowan (D:7)
  A scorpion (D:4)
  5 howler monkeys
  2 bullfrog zombies (D:6)
  5 crimson imps
  2 orc priests (D:7)
  4 jellies
  2 bullfrog skeletons (D:6)
  8 orc wizards
  An iron imp (Abyss:2)
  An iguana (D:8)
  Natasha (twice) (D:3)
  Terence (D:3)
  6 worker ants
  A big kobold zombie (Ossuary)
  4 mummies
  A howler monkey zombie (D:5)
  A worker ant zombie (D:5)
  5 gnolls
  9 adders
  9 river rats
  2 shadow imps
  3 oozes (Sewer)
  6 adder zombies
  An adder skeleton (D:5)
  3 worms
  5 leopard geckos
  27 orcs
  4 bats
  6 giant cockroaches
  3 goblins (D:1)
  16 hobgoblins
  7 jackals
  4 kobolds
  5 quokkas
  11 ball pythons (Sewer)
  A ball python skeleton (D:5)
  5 frilled lizards
  A giant cockroach zombie (D:5)
  A gnoll zombie (Ossuary)
  7 goblin zombies
  6 kobold zombies
  2 quokka skeletons
  A quokka zombie (Ossuary)
  30 rats
  A lurking horror (Abyss:2)
304 creatures vanquished.

Vanquished Creatures (collateral kills)
  A blink frog (Abyss:2)
  2 slaves (D:8)
  An orc warrior (D:5)
  A jelly (D:6)
  2 orcs (D:5)
7 creatures vanquished.

Vanquished Creatures (others)
  3 fungi
  A plant (Lair:1)
4 creatures vanquished.

Grand Total: 315 creatures vanquished

Notes
Turn   | Place    | Note
-------+----------+-------------------------------------------
     0 | D:1      | Flugkiller the Felid Chaos Knight began the quest for the
                  | Orb.
     0 | D:1      | Reached XP level 1. HP: 10/10 MP: 2/2
    87 | D:1      | XOM: potion effect (brilliance)
   189 | D:1      | Reached XP level 2. HP: 10/14 MP: 3/3
   367 | D:1      | XOM: butterfly on damage
   390 | D:1      | XOM: mild Chrm miscast
   429 | D:1      | XOM: mild Necr miscast
   522 | D:1      | XOM: god gift: leather armour {god gift}
   570 | D:1      | XOM: enchant monster (good)
   631 | D:1      | XOM is BORED!
   631 | D:1      | XOM: mild Erth miscast
   861 | D:1      | XOM: noise
  1017 | D:2      | XOM: give mutations
  1017 | D:2      | Gained mutation: You are resistant to electric shocks.
                  | (rElec) [Xom's grace]
  1017 | D:2      | Gained mutation: Your mind is acute. (Int +2) [Xom's grace]
  1017 | D:2      | Gained mutation: Your spells are a little harder to cast,
                  | but a little more powerful. [Xom's grace]
  1017 | D:2      | Gained mutation: You are partially covered in rugged brown
                  | scales. (AC +1, +3% HP) [Xom's grace]
  1062 | D:2      | Reached XP level 3. HP: 14/17 MP: 4/4
  1457 | D:2      | XOM: give mutations
  1457 | D:2      | Gained mutation: You possess an exceptional clarity of
                  | mind. [Xom's grace]
  1457 | D:2      | Gained mutation: Your spells are harder to cast, but more
                  | powerful. [Xom's grace]
  1457 | D:2      | Gained mutation: Your mind is very acute. (Int +4) [Xom's
                  | grace]
  1457 | D:2      | Gained mutation: You expend magic power (3 MP) to
                  | strengthen your wands. [Xom's grace]
  1460 | D:2      | Learned a level 1 spell: Confusing Touch
  1543 | D:3      | XOM: noise
  1574 | D:3      | Reached skill level 4 in Unarmed Combat
  1574 | D:3      | Reached skill level 1 in Hexes
  1580 | D:3      | XOM is BORED!
  1580 | D:3      | XOM: 1-stop teleportation journey
  1580 | D:3      | Noticed Terence
  1625 | D:3      | XOM: potion effect (haste)
  1753 | D:2      | XOM: god gift: potion of haste
  1890 | D:3      | Reached XP level 4. HP: 21/21 MP: 4/6
  1952 | D:3      | XOM: polymorph adder -> frilled lizard
  1991 | D:3      | Reached skill level 1 in Spellcasting
  2100 | D:3      | XOM: scenery: create altars
  2231 | D:3      | XOM: harmless Tloc miscast
  2238 | D:3      | Reached XP level 5. HP: 15/24 MP: 7/7
  2351 | D:3      | XOM is BORED!
  2351 | D:3      | XOM: medium Chrm miscast
  2453 | D:3      | Killed Terence
  2560 | D:3      | XOM: 6-stop teleportation journey
  2681 | D:3      | XOM: scenery: 2 doors close
  2753 | D:3      | Learned a level 3 spell: Confuse
  2776 | D:3      | XOM: god gift: golden potion {god gift}
  2807 | D:4      | XOM: divination: detect items
  2877 | D:4      | XOM: smoke on damage
  2901 | D:4      | XOM: harmless Fire miscast
  2903 | D:4      | XOM: mild Hex miscast
  3009 | D:3      | XOM: summons 2 hostile demons
  3142 | D:2      | XOM: mild Chrm miscast
  3177 | D:4      | Reached skill level 5 in Unarmed Combat
  3257 | D:4      | XOM: give mutations
  3257 | D:4      | Gained mutation: Your body sometimes deteriorates upon
                  | taking damage. [Xom's mischief]
  3257 | D:4      | Lost mutation: Your mind is very acute. (Int +4) [Xom's
                  | mischief]
  3257 | D:4      | Lost mutation: You expend magic power (3 MP) to strengthen
                  | your wands. [Xom's mischief]
  3356 | D:4      | Noticed Natasha
  3393 | D:3      | XOM: scenery: create altars
  3398 | D:4      | XOM: enchant monster (bad)
  3544 | D:3      | Killed Natasha
  3544 | D:3      | Reached skill level 1 in Stealth
  3737 | D:4      | XOM: give mutation
  3737 | D:4      | Lost mutation: Your spells are harder to cast, but more
                  | powerful. [Xom's mischief]
  3842 | D:4      | XOM: 3-stop teleportation journey
  3899 | D:4      | XOM: butterfly on damage
  3907 | D:4      | XOM: harmless Chrm miscast
  3920 | D:4      | Found a staircase to the Ecumenical Temple.
  3924 | Temple   | Entered the Ecumenical Temple
  4040 | D:4      | XOM: smoke on damage
  4250 | D:4      | Gained mutation: You are covered in thick fur. (AC +2)
                  | [Felid growth]
  4250 | D:4      | Reached XP level 6. HP: 17/28 MP: 1/8
  4255 | D:4      | XOM: medium Air miscast
  4255 | D:4      | XOM: smoke on damage
  4272 | D:3      | Noticed Natasha
  4312 | D:3      | XOM: medium Necr miscast
  4448 | D:3      | Killed Natasha
  4526 | D:3      | XOM: medium Erth miscast
  4537 | D:3      | XOM: give mutation
  4537 | D:3      | Lost mutation: Your body sometimes deteriorates upon taking
                  | damage. [Xom's mischief]
  4918 | D:5      | Entered Level 5 of the Dungeon
  4920 | D:5      | Noticed an orc warrior
  4998 | D:5      | Noticed an orc warrior
  5033 | D:5      | Found a sand-covered staircase.
  5046 | D:5      | Reached skill level 5 in Dodging
  5061 | D:5      | XOM: swap monsters
  5067 | D:5      | XOM: summons 5 friendly demons
  5075 | D:5      | Killed an orc warrior
  5088 | D:5      | XOM: summons 3 hostile demons
  5173 | Ossuary  | Entered an ossuary
  5180 | Ossuary  | XOM: enchant monster (bad)
  5381 | Ossuary  | Reached XP level 7. HP: 32/32 MP: 9/9
  5415 | Ossuary  | Reached skill level 5 in Hexes
  5550 | Ossuary  | XOM: swap monsters
  5696 | D:5      | Lost mutation: Your spells are a little harder to cast, but
                  | a little more powerful. [potion of mutation]
  5696 | D:5      | Lost mutation: Your mind is acute. (Int +2) [potion of
                  | mutation]
  5696 | D:5      | Gained mutation: Your body sometimes deteriorates upon
                  | taking damage. [potion of mutation]
  5696 | D:5      | Gained mutation: You have a pair of small antennae on your
                  | head. [potion of mutation]
  5722 | D:5      | XOM: harmless Chrm miscast
  6488 | D:5      | XOM: give mutations
  6488 | D:5      | Lost mutation: You have a pair of small antennae on your
                  | head. [Xom's mischief]
  6488 | D:5      | Gained mutation: You occasionally shout uncontrollably at
                  | your foes. [Xom's mischief]
  6488 | D:5      | Gained mutation: You are surrounded by a mild repulsion
                  | field. (EV +2) [Xom's mischief]
  6634 | D:6      | XOM: harmless Summ miscast
  6642 | D:6      | Reached skill level 6 in Unarmed Combat
  6642 | D:6      | Reached XP level 8. HP: 33/37 MP: 10/10
  6654 | D:6      | XOM: severe Summ miscast
  6655 | D:6      | Noticed an orange demon
  6697 | D:6      | Reached skill level 5 in Fighting
  6740 | D:6      | Found Fesk's Antique Armour Boutique.
  7044 | D:6      | Found a glowing drain.
  7101 | Sewer    | Entered a sewer
  7423 | Sewer    | XOM: 5-stop teleportation journey
  7433 | Sewer    | Slain by a river rat
  7434 | Sewer    | Reached XP level 7. HP: -1/33 MP: 9/9
  7460 | Sewer    | XOM: draining
  7538 | Sewer    | XOM: summons 3 hostile demons
  7788 | Sewer    | XOM: summons 3 hostile demons
  7800 | Sewer    | XOM: 5-stop teleportation journey
  7942 | Sewer    | XOM: butterfly on damage
  8136 | Sewer    | XOM: draining
  8144 | Sewer    | XOM: enchant monster (good)
  8211 | Sewer    | XOM: cloud trail
  8226 | Sewer    | Reached skill level 7 in Unarmed Combat
  8302 | Sewer    | XOM: scenery: 1 doors open
  8397 | D:6      | XOM: summons 3 hostile shadow creatures
  8398 | D:6      | Noticed a hornet
  8466 | D:6      | Found a glowing golden altar of the Shining One.
  8529 | D:6      | XOM: noise
  8698 | D:6      | XOM: noise
  8823 | D:6      | XOM: noise
  8881 | D:6      | XOM: summons friendly iron imp
  8907 | D:6      | Reached XP level 8. HP: 38/38 MP: 10/10
  9382 | D:6      | XOM: mild Air miscast
  9389 | D:6      | Reached skill level 8 in Unarmed Combat
  9687 | D:7      | XOM: divination: detect creatures
  9701 | D:7      | XOM: divination: detect creatures
 10220 | D:6      | XOM: god gift: pair of gloves {god gift}
 10235 | D:6      | XOM: give mutations
 10235 | D:6      | Gained mutation: Your flesh is cold resistant. (rC+) [Xom's
                  | grace]
 10235 | D:6      | Gained mutation: You evolve. [Xom's grace]
 10235 | D:6      | Gained mutation: You are partially covered in large bone
                  | plates. (SH +4) [Xom's grace]
 10235 | D:6      | Gained mutation: You are agile. (Dex +2) [Xom's grace]
 10382 | D:7      | XOM: give mutations
 10382 | D:7      | Gained mutation: You are robust. (+10% HP) [Xom's grace]
 10382 | D:7      | Gained mutation: Your flesh is heat resistant. (rF+) [Xom's
                  | grace]
 10700 | D:7      | XOM: give mutations
 10700 | D:7      | Gained mutation: You have a pair of small antennae on your
                  | head. [Xom's grace]
 10700 | D:7      | Gained mutation: Your flesh is very heat resistant. (rF++)
                  | [Xom's grace]
 10792 | D:7      | XOM: 1-stop teleportation journey
 10966 | D:7      | XOM: give mutations
 10966 | D:7      | Lost mutation: You occasionally shout uncontrollably at
                  | your foes. [Xom's mischief]
 10966 | D:7      | Lost mutation: You are agile. (Dex +2) [Xom's mischief]
 10966 | D:7      | Lost mutation: You evolve. [Xom's mischief]
 11058 | D:7      | Noticed Duvessa
 11066 | D:7      | Noticed Dowan
 11070 | D:7      | XOM: swap monsters
 11074 | D:7      | Killed Dowan
 11094 | D:7      | XOM: give mutation
 11094 | D:7      | Lost mutation: You are resistant to electric shocks.
                  | (rElec) [Xom's mischief]
 11146 | D:7      | Killed Duvessa
 11146 | D:7      | Reached XP level 9. HP: 33/46 MP: 9/11
 11624 | D:8      | XOM: enchant monster (bad)
 11629 | D:8      | Reached skill level 10 in Dodging
 11669 | D:8      | Reached skill level 9 in Unarmed Combat
 11789 | D:8      | XOM: noise
 11809 | D:8      | Found a staircase to the Lair.
 11834 | D:8      | Noticed Pikel
 11836 | D:8      | XOM: medium Air miscast
 11855 | D:8      | Noticed a rime drake
 11855 | D:8      | a slave changed into a rime drake
 11855 | D:8      | XOM: polymorph slave -> rime drake
 12105 | D:8      | XOM: 2-stop teleportation journey
 12121 | D:8      | XOM: harmless Fire miscast
 12126 | D:8      | XOM: summons 3 friendly demons
 12130 | D:8      | XOM: mild Tmut miscast
 12184 | D:7      | XOM: noise
 12186 | D:7      | XOM: blink monster(s)
 12225 | D:7      | Killed Pikel
 12251 | D:8      | Killed a rime drake
 12258 | D:8      | Noticed Harold
 12411 | D:8      | XOM: polymorph howler monkey -> gnoll
 12429 | D:8      | Reached skill level 10 in Unarmed Combat
 12429 | D:8      | Reached XP level 10. HP: 52/53 MP: 10/12
 12445 | D:8      | XOM: scenery: create altars
 12463 | D:8      | Slain by Harold
 12464 | D:8      | Reached XP level 9. HP: -2/48 MP: 8/11
 12586 | D:8      | XOM: polymorph crocodile -> sky beast
 12845 | D:8      | Found a shimmering altar of Xom.
 12850 | D:8      | Found a shimmering altar of Xom.
 12990 | D:8      | Killed Harold
 13148 | Lair:1   | Entered Level 1 of the Lair of Beasts
 13148 | Lair:1   | Noticed a spiny frog
 13163 | Lair:1   | Killed a spiny frog
 13163 | Lair:1   | Reached skill level 11 in Unarmed Combat
 13249 | Lair:1   | XOM: fake destruction
 13256 | Lair:1   | XOM: scenery: create altars
 13257 | Lair:1   | Reached skill level 1 in Evocations
 13440 | Lair:1   | XOM: silly message
 13522 | Lair:1   | Noticed a spiny frog
 13564 | Lair:1   | XOM: 1-stop teleportation journey
 13565 | Lair:1   | Noticed a spiny frog
 13565 | Lair:1   | Noticed a four-headed hydra
 13569 | Lair:1   | Killed a spiny frog
 13569 | Lair:1   | Reached XP level 10. HP: 42/53 MP: 12/12
 13575 | Lair:1   | XOM: confuse monster(s)
 13583 | Lair:1   | Killed a four-headed hydra
 13604 | Lair:1   | XOM: medium Pois miscast
 13615 | Lair:1   | XOM: polymorph blink frog -> crocodile
 13650 | Lair:1   | XOM: enchant monster (good)
 13651 | Lair:1   | XOM: polymorph blink frog -> rime drake
 13735 | Lair:1   | XOM: swap monsters
 13740 | Lair:1   | Reached skill level 12 in Unarmed Combat
 13817 | Lair:1   | Killed a spiny frog
 13817 | Lair:1   | Reached skill level 5 in Evocations
 13944 | Lair:1   | Noticed a spiny frog
 13948 | Lair:1   | XOM: cast spell 'Summon Mana Viper'
 13955 | Lair:1   | Killed a spiny frog
 14039 | Lair:1   | Lost mutation: Your body sometimes deteriorates upon taking
                  | damage. [potion of mutation]
 14039 | Lair:1   | Lost mutation: Your flesh is cold resistant. (rC+) [potion
                  | of mutation]
 14039 | Lair:1   | Lost mutation: Your flesh is very heat resistant. (rF++)
                  | [potion of mutation]
 14039 | Lair:1   | Lost mutation: You possess an exceptional clarity of mind.
                  | [potion of mutation]
 14039 | Lair:1   | Gained mutation: You are weak. (Str -2) [potion of
                  | mutation]
 14039 | Lair:1   | Gained mutation: Your thick and shaggy fur keeps you warm.
                  | (AC +3, rC+) [potion of mutation]
 14162 | Lair:1   | XOM: butterfly on damage
 14173 | Lair:1   | XOM: scenery: create altars
 14392 | Lair:1   | XOM: give mutation
 14392 | Lair:1   | Gained mutation: You are very robust. (+20% HP) [Xom's
                  | grace]
 14644 | Lair:1   | XOM: cloud trail
 14765 | Lair:2   | Noticed a black mamba
 14957 | Lair:2   | XOM: cast spell 'Death Channel'
 14980 | Lair:2   | XOM: god gift: 36 gold pieces
 15006 | Lair:2   | Noticed a spiny frog
 15026 | Lair:2   | Killed a spiny frog
 15191 | Lair:1   | XOM: harmless Erth miscast
 15213 | Lair:2   | Found a staircase to the Swamp.
 15295 | Lair:2   | XOM: 3-stop teleportation journey
 15353 | Lair:2   | Noticed a spiny frog
 15360 | Lair:2   | Killed a black mamba
 15367 | Lair:2   | XOM: harmless Necr miscast
 15371 | Lair:2   | XOM: divine lightning
 15375 | Lair:2   | Killed a spiny frog
 15679 | Lair:2   | Lost mutation: You are very robust. (+20% HP) [potion of
                  | mutation]
 15679 | Lair:2   | Lost mutation: You have a pair of small antennae on your
                  | head. [potion of mutation]
 15679 | Lair:2   | Lost mutation: Your thick and shaggy fur keeps you warm.
                  | (AC +3, rC+) [potion of mutation]
 15679 | Lair:2   | Lost mutation: You are robust. (+10% HP) [potion of
                  | mutation]
 15679 | Lair:2   | Gained mutation: You have a pair of small horns on your
                  | head. [potion of mutation]
 15679 | Lair:2   | Lost mutation: You are weak. (Str -2) [potion of mutation]
 15698 | Lair:2   | XOM: give mutations
 15698 | Lair:2   | Lost mutation: You are surrounded by a mild repulsion
                  | field. (EV +2) [Xom's mischief]
 15698 | Lair:2   | Gained mutation: You are clumsy. (Dex -2) [Xom's mischief]
 15760 | Lair:2   | XOM: medium Chrm miscast
 15769 | Lair:2   | Reached XP level 11. HP: 51/51 MP: 15/15
 15772 | Lair:2   | XOM: noise
 15774 | Lair:2   | XOM: summons 2 hostile shadow creatures
 15784 | Lair:2   | XOM: god gift: heavily runed leather armour {god gift}
 15828 | Lair:1   | XOM: harmless Tmut miscast
 15918 | Lair:2   | XOM: butterfly on damage
 15919 | Lair:2   | XOM: smoke on damage
 15946 | Lair:2   | XOM: blink monster(s)
 15958 | Lair:2   | XOM: severe Summ miscast
 15958 | Lair:2   | Cast into level 2 of the Abyss (the severe capriciousness
                  | of Xom)
 16171 | Abyss:2  | XOM: confuse monster(s)
 16181 | Abyss:2  | Noticed a sun demon
 16324 | Abyss:2  | Found a shimmering blue altar of Sif Muna.
 16324 | Abyss:2  | Found a white marble altar of Elyvilon.
 16324 | Abyss:2  | Found a sparkling altar of Nemelex Xobeh.
 16324 | Abyss:2  | Found an ornate altar of the Wu Jian Council.
 16324 | Abyss:2  | Found a shattered altar of Ashenzari.
 16324 | Abyss:2  | Found a blossoming altar of Fedhas.
 16324 | Abyss:2  | Found a hazy altar of Hepliaklqana.
 16324 | Abyss:2  | Found a snail-covered altar of Cheibriados.
 16324 | Abyss:2  | Found a basalt altar of Yredelemnul.
 16324 | Abyss:2  | Found a hide-covered altar of Uskayaw.
 16326 | Abyss:2  | Found a shadowy altar of Dithmenos.
 16329 | Abyss:2  | Found a bloodstained altar of Trog.
 16329 | Abyss:2  | Found a radiant altar of Vehumet.
 16329 | Abyss:2  | Found an opulent altar of Gozag.
 16331 | Abyss:2  | Found a stormy altar of Qazlal.
 16331 | Abyss:2  | Found a glowing golden altar of the Shining One.
 16331 | Abyss:2  | Found an ancient bone altar of Kikubaaqudgha.
 16331 | Abyss:2  | Found a glowing silver altar of Zin.
 16333 | Abyss:2  | Found an iron altar of Okawaru.
 16333 | Abyss:2  | Found a shimmering altar of Xom.
 16333 | Abyss:2  | Found an ancient bone altar of Kikubaaqudgha.
 16674 | Abyss:2  | Noticed a tentacled starspawn
 16687 | Abyss:2  | XOM: summons 2 friendly demons
 16688 | Abyss:2  | Noticed a wretched star
 16692 | Abyss:2  | XOM: polymorph demonic crawler -> apocalypse crab
 16695 | Abyss:2  | Noticed a thrashing horror
 16696 | Abyss:2  | Noticed a thrashing horror
 16697 | Abyss:2  | Killed from afar by a raiju
 16698 | Abyss:2  | Reached XP level 10. HP: -6/49 MP: 15/15
 16701 | Abyss:2  | Found a corrupted altar of Lugonu.
 16728 | Abyss:2  | Noticed an unseen horror
 16742 | Abyss:2  | Noticed an unseen horror
 16751 | Abyss:2  | Killed an unseen horror
 16756 | Abyss:2  | Noticed an unseen horror
 16765 | Abyss:2  | Killed an unseen horror
 16765 | Abyss:2  | XOM: enchant monster (good)
 16767 | Abyss:2  | Noticed a tentacled starspawn
 16770 | Abyss:2  | Noticed a hellephant
 16772 | Lair:2   | Escaped the Abyss
 16789 | Lair:2   | XOM: potion effect (magic)
 16802 | Lair:2   | XOM: fog
 16839 | Lair:2   | XOM: harmless Erth miscast
 16917 | Lair:2   | XOM: harmless Conj miscast
 17084 | Lair:2   | XOM: butterfly on damage
 17331 | Lair:3   | XOM: harmless Fire miscast
 17513 | Lair:3   | Noticed a seven-headed hydra
 17530 | Lair:3   | Noticed a glowing shapeshifter
 17530 | Lair:3   | a scorpion changed into a glowing shapeshifter
 17530 | Lair:3   | XOM: polymorph scorpion -> glowing shapeshifter
 17530 | Lair:3   | Noticed a manticore
 17530 | Lair:3   | a glowing shapeshifter changed into a manticore
 17533 | Lair:3   | XOM: repel stairs
 17545 | Lair:3   | Noticed a torpor snail
 17562 | Lair:3   | XOM: confuse monster(s)
 17735 | Lair:2   | XOM: draining
 17767 | Lair:3   | Noticed a spiny frog
 17771 | Lair:3   | XOM: 1-stop teleportation journey
 17776 | Lair:3   | Noticed a mana viper
 17784 | Lair:3   | XOM: butterfly on damage
 17793 | Lair:3   | a mana viper changed into a komodo dragon
 17811 | Lair:2   | XOM: butterfly on damage
 18140 | Lair:3   | XOM: summons 5 hostile demons
 18141 | Lair:3   | Noticed a soul eater
 18143 | Lair:3   | XOM: swap monsters
 18161 | Lair:3   | Mangled by a chaos spawn

Levels and vault maps discovered:
D:1:      dpeg_arrival_prison, layout_loops_ring
D:2:      layout_loops_cross
D:3:      layout_basic, first_ration, uniq_terence
D:4:      layout_basic, minmay_temple_entry_glassed_door, uniq_natasha
D:5:      layout_loops_ring, nicolae_ossuary_entry_giza
D:6:      minmay_clustersquares, layout_cave_pods, kennysheep_mini_moat,
          gup_sewer_entry_bubbles, serial_shops, nicolae_shop_trees,
          minmay_joined_circles
D:7:      layout_basic, uniq_duvessa
D:8:      layout_basic, grunt_lair_entry_orc_guard_hut, uniq_pikel, uniq_harold
Temple:   minmay_crystal_snake_temple
Lair:1:   layout_small_grid, chequers_serial_rivers_large_b
Lair:2:   layout_gridlike, swamp_mist_pool
Lair:3:   layout_gridlike, serial_bayou_pond_c, minivault_26,
          serial_bayou_shore_b, grunt_megastairs_2, serial_bayou_shore_b,
          serial_bayou_shore_b

Skill      XL: |  1  2  3  4  5  6  7  8  9 10 11 |
---------------+----------------------------------+-----
Unarmed Combat | 4 5 7 8 11 12 | 12.7
Hexes          | 1 3 4 6 9 8 |  9.2
Spellcasting   | 1 2 3 |  3.0
Dodging        | 4 5 8 9 11 | 11.0
Stealth        | 1 2 |  2.0
Fighting       | 4 5 7 8 |  8.4
Evocations     | 2 5 |  5.1

Action                   |  1- 3 |  4- 6 |  7- 9 | 10-12 || total
-------------------------+-------+-------+-------+-------++-------
Melee: Unarmed           |   125 |   205 |   697 |   185 ||  1212
       Bite              |     8 |    24 |    72 |    22 ||   126
       Punch             |     2 |     8 |    26 |    10 ||    46
       Headbutt          |       |       |       |    12 ||    12
 Cast: Confusing Touch   |     1 |    14 |    49 |    26 ||    90
       Confuse           |       |     6 |    22 |    21 ||    49
Evoke: Wand              |       |       |       |    16 ||    16
       Phial of floods   |       |       |       |     1 ||     1
  Use: Scroll            |     5 |     5 |     9 |    10 ||    29
       Potion            |       |     2 |     4 |    11 ||    17
 Stab: Sleeping          |    10 |    12 |    20 |     3 ||    45
       Confused          |     1 |    12 |    56 |    20 ||    89
       Distracted        |       |     1 |     3 |     1 ||     5
       Paralysed         |       |       |     1 |     2 ||     3
  Eat: Chunk             |     9 |     9 |    32 |    14 ||    64
Armor: Skin              |     4 |     6 |    46 |    13 ||    69
Dodge: Dodged            |   100 |   119 |   603 |   221 ||  1043
Block: Other             |       |       |    24 |    26 ||    50

Table legend:
 A = Non-vault XP
 B = Vault XP
 C = Vault XP percentage of total XP
 D = Non-vault monster count
 E = Vault monster count
 F = Vault count percentage of total count
                 A         B        C        D         E       F
            +---------+---------+-------+---------+---------+-------
      Total |   13742 |    5480 |  28.5 |     198 |     109 |  35.5
            +---------+---------+-------+---------+---------+-------
        D:1 |      26 |       3 |  10.3 |      15 |       2 |  11.8
        D:2 |      39 |       0 |   0.0 |      15 |       0 |   0.0
        D:3 |     214 |      63 |  22.7 |      27 |       2 |   6.9
        D:4 |     113 |       0 |   0.0 |      11 |       0 |   0.0
        D:5 |     669 |      20 |   2.9 |      27 |       3 |  10.0
        D:6 |     535 |     811 |  60.3 |      15 |      22 |  59.5
        D:7 |     749 |     854 |  53.3 |      21 |       3 |  12.5
        D:8 |    1617 |    1473 |  47.7 |      24 |       5 |  17.2
     Lair:1 |    4801 |       0 |   0.0 |      17 |       0 |   0.0
     Lair:2 |    2578 |       0 |   0.0 |      15 |       0 |   0.0
     Lair:3 |     448 |       0 |   0.0 |       2 |       0 |   0.0
    Abyss:2 |    1953 |    1709 |  46.7 |       9 |       3 |  25.0
      Sewer |       0 |     428 | 100.0 |       0 |      48 | 100.0
    Ossuary |       0 |     119 | 100.0 |       0 |      21 | 100.0
            +---------+---------+-------+---------+---------+-------
